 Dungeon Crawl Stone Soup version 0.23-a0-394-g6ce9549 (webtiles) character file.

95 Matezma the Chopper (level 4, 37/37 HPs)
             Began as a Demigod Fighter on Oct 31, 2018.
             Quit the game on level 3 of the Dungeon.
             The game lasted 00:05:16 (1218 turns).

Matezma the Chopper (Demigod Fighter)               Turns: 1218, Time: 00:05:16

Health: 37/37      AC:  8    Str: 21    XL:     4   Next: 17%
Magic:  6/6        EV:  5    Int: 12    God:
Gold:   130        SH:  9    Dex: 15    Spells: 3/3 levels left

rFire    . . .     SeeInvis .   a - +0 war axe
rCold    . . .     Gourm    .   c - +0 shield
rNeg     . . .     Faith    .   i - +0 chain mail
rPois    .         Spirit   .   (no helmet)
rElec    .         Reflect  .   (no cloak)
rCorr    .         Harm     .   (no gloves)
MR       .....                  (no boots)
Stlth    ..........             (no amulet)
HPRegen  0.12/turn              (no ring)
MPRegen  0.10/turn              (no ring)

@: no status effects
A: high mp 1
a: no special abilities


You were on level 3 of the Dungeon.
You were not hungry.

You visited 1 branch of the dungeon, and saw 3 of its levels.

You collected 130 gold pieces.

Inventory:

Hand Weapons
 a - a +0 war axe (weapon)
Missiles
 j - 98 stones (quivered)
Armour
 c - a +0 shield (worn)
 i - a +0 chain mail (worn)
Jewellery
 h - an uncursed amulet of the acrobat {unknown}
Scrolls
 g - 3 scrolls of immolation {unknown}
 l - 2 scrolls of identify {unknown}
 o - 2 scrolls of enchant weapon {unknown}
 p - a scroll of magic mapping {unknown}
 r - a scroll of blinking {unknown}
 t - a scroll of teleportation {unknown}
Potions
 b - 2 potions of mutation {unknown}
 d - a potion of might
 e - 3 potions of curing {unknown}
 k - 2 potions of heal wounds {unknown}
 m - a potion of degeneration {unknown}
 n - 2 potions of agility {unknown}
 q - a potion of ambrosia {unknown}
 s - 2 potions of cancellation {unknown}
Comestibles
 f - 4 rations


   Skills:
 - Level 2.6 Fighting
 + Level 4.3 Axes
 - Level 2.6 Armour
 - Level 2.6 Shields


You had 3 spell levels left.
You didn't know any spells.
Your spell library was empty.

Dungeon Overview and Level Annotations

Branches:
Dungeon (3/15)


Innate Abilities, Weirdness & Mutations

You have an increased reservoir of magic. (+10% MP)


Message History

Eating a chunk of flesh.
You eat the chunk of flesh.
This raw flesh tastes terrible.
Done exploring.
Done exploring.
There is a stone staircase leading down here.
You climb downwards.
An adder comes into view.
The adder hisses angrily.
Found a spear.
There is a stone staircase leading up here.
You miss the adder. You block the adder's attack.
The adder bites you but does no damage.
Your shield and chain mail prevent you from hitting the adder.
You block the adder's attack. The adder bites you but does no damage.
You slash the adder!
You kill the adder!
No target in view!
Welcome back, Matezma the Demigod Fighter.
Press ? for a list of commands and other information.
Are you sure you want to abandon this character and quit the game? (Confirm

....
..#
).#
..#
#.#
#.#
#.#
#@#
#<#
#.#
#.#
#.#
#.#
#.#
#.#
...


There were no monsters in sight!

Vanquished Creatures
  A crimson imp (D:2)
  An adder (D:3)
  2 worms (D:2)
  A dart slug (D:1)
  A leopard gecko (D:2)
  7 bats
  2 giant cockroaches (D:1)
  5 goblins
  6 hobgoblins
  2 jackals (D:1)
  5 frilled lizards
  5 kobolds
  4 rats
42 creatures vanquished.

Notes
Turn   | Place    | Note
-------+----------+-------------------------------------------
     0 | D:1      | Matezma the Demigod Fighter began the quest for the Orb.
     0 | D:1      | Reached XP level 1. HP: 18/18 MP: 3/3
    14 | D:1      | Reached skill level 2 in Axes
    76 | D:1      | Reached XP level 2. HP: 22/25 MP: 4/4
   341 | D:1      | Reached skill level 3 in Axes
   708 | D:2      | Reached XP level 3. HP: 30/30 MP: 5/5
   850 | D:2      | Found a white marble altar of Elyvilon.
   850 | D:2      | Found a stormy altar of Qazlal.
  1109 | D:2      | Reached skill level 4 in Axes
  1109 | D:2      | Reached XP level 4. HP: 29/37 MP: 6/6
  1218 | D:3      | Upgraded the game from 0.23-a0-393-g6e9e0f2 to
                  | 0.23-a0-394-g6ce9549
  1218 | D:3      | Quit the game

Vault maps used:
D:1:      lemuel_arrival_broad_hall
D:2:      gammafunk_temple_overflow_elements
D:3:      biasface_ghost_orc_armoury, uniq_natasha

Skill      XL: |  1  2  3 |
---------------+----------+-----
Axes           | 2 3 4 |  4.3
Fighting       | |  2.6
Armour         | |  2.6
Shields        | |  2.6

Action                   |  1- 3 |  4- 6 || total
-------------------------+-------+-------++-------
Melee: War axe           |   132 |     6 ||   138
  Eat: Chunk             |       |     1 ||     1
Armor: Scale mail        |    16 |       ||    16
       Chain mail        |    52 |     2 ||    54
Dodge: Dodged            |    35 |     1 ||    36
Block: Shield            |    78 |     2 ||    80

Table legend:
 A = Non-vault XP
 B = Vault XP
 C = Vault XP percentage of total XP
 D = Non-vault monster count
 E = Vault monster count
 F = Vault count percentage of total count
                 A         B        C        D         E       F
            +---------+---------+-------+---------+---------+-------
      Total |     136 |       0 |   0.0 |      42 |       0 |   0.0
            +---------+---------+-------+---------+---------+-------
        D:1 |      37 |       0 |   0.0 |      23 |       0 |   0.0
        D:2 |      86 |       0 |   0.0 |      18 |       0 |   0.0
        D:3 |      13 |       0 |   0.0 |       1 |       0 |   0.0
            +---------+---------+-------+---------+---------+-------
